 Dungeon Crawl Stone Soup version 0.29.0-4-gdea44cf6ec (webtiles) character file.

Game seed: 11793296446446577356

181 qw the Chopper (level 5, -12/30 HPs)
             Began as a Tengu Warper on Aug 28, 2022.
             Killed by divine providence
             ... invoked by an orc priest
              (14 damage)
             ... on level 3 of the Dungeon.
             The game lasted 00:00:13 (3222 turns).

qw the Chopper (Tengu Warper)                       Turns: 3222, Time: 00:00:14

Health: -12/30     AC:  8    Str: 13    XL:     5   Next: 61%
Magic:  9/9        EV: 13    Int: 14    God:
Gold:   121        SH:  0    Dex: 13    Spells: 8/8 levels left

rFire   . . .      SeeInvis .   Y - +0 hand axe
rCold   . . .      Faith    .   (no shield)
rNeg    . . .      Spirit   .   j - +0 ring mail
rPois   .          Reflect  .   (helmet restricted)
rElec   .          Harm     .   (no cloak)
rCorr   .          Rampage  .   e - +2 pair of gloves
Will    .....                   (boots unavailable)
Stlth   +.........              (no amulet)
HPRegen 0.10/turn               (no ring)
MPRegen 0.11/turn               (no ring)

@: flying quickly and evasively, quick
A: beak, talons 3, nimble flight
a: no special abilities


You were on level 3 of the Dungeon.
You visited 1 branch of the dungeon, and saw 3 of its levels.

You collected 121 gold pieces.


Innate Abilities, Weirdness & Mutations

You have a beak for a mouth.
You have claws for feet.
Your magical nature lets you fly swiftly and evasively.


   Skills:
 - Level 2.0 Fighting
 + Level 6.2 Axes
 - Level 1.0 Throwing
 - Level 1.1 Armour
 - Level 2.1 Dodging
 - Level 2.0 Spellcasting
 - Level 2.4 Translocations


You had 8 spell levels left.
You didn't know any spells.
Your spell library contained the following spells:

 Spells                   Type           Power      Damage    Failure   Level
 Blink                    Tloc           16%        N/A       28%         2
 Gell's Gravitas          Tloc           8%         N/A       50%         3
 Lesser Beckoning         Tloc           8%         N/A       50%         3
 Teleport Other           Tloc           8%         N/A       50%         3
 Manifold Assault         Tloc           8%         N/A       99%         5

Inventory:

Hand Weapons
 a - a +0 whip
 Y - a +0 hand axe (weapon)
Armour
 e - a +2 pair of gloves (worn)
 j - a +0 ring mail (worn)
Scrolls
 c - 3 scrolls of identify
Potions
 i - a potion of cancellation

Dungeon Overview and Level Annotations

Branches:
Dungeon (3/15)

Altars:


Message History

The orc hits you from afar with a +0 trident.
You hit the orc but do no damage. The orc closely misses you.
The orc hits you from afar with a +0 trident.
You barely miss the orc priest. You barely miss the orc. You hit the orc.
The orc hits you with a +0 short sword. The orc closely misses you. x2
The orc priest looks braver for a moment.
You hit the orc. You claw the orc.
You kill the orc!
You hit the orc priest but do no damage.
You hit the orc but do no damage.
The orc priest hits you but does no damage.
The orc barely misses you. x2
You closely miss the orc priest.
You peck the orc priest, but do no damage.
You hit the orc but do no damage. The orc hits you but does no damage.
The orc misses you.
The orc priest casts a cantrip, but nothing happens.
You hit the orc priest but do no damage.
Your kick misses the orc priest. You hit the orc.
The orc priest barely misses you. The orc hits you with a +0 mace.
The orc hits you from afar with a +0 trident.
You hit the orc but do no damage.
The orc is lightly wounded.
You hit the orc priest but do no damage.
The orc priest looks satisfied for a moment.
The orc misses you.
The orc hits you from afar with a +0 trident.
You hit the orc but do no damage. You claw the orc. Your peck misses the orc.
The orc is heavily wounded.
You hit the orc priest but do no damage.
The orc closely misses you. The orc hits you but does no damage.
The orc priest hits you but does no damage.
You hit the orc but do no damage. You peck the orc, but do no damage.
The orc is heavily wounded.
You closely miss the orc priest. The orc hits you with a +0 mace.
The orc priest calls down the wrath of Beogh upon you.
Beogh smites you!
You die...

.. . .......
...#.#.>....
.#.#.#.....###
.............
##.#.#.#.#.###..
.......o.......
#...#o)o..###.. #
#.....@........ #.
#...##.##......
#.##...##.#.......
#.................
##.#..#.......#.#..
........##.#..# # .
##.#....##....#.#.<
#..........#.#..
#...............


You could see an orc priest and 2 orcs.

Vanquished Creatures
  A phantom (D:2)
  Natasha (D:2)
  2 adders (D:2)
  A gnoll (D:1)
  4 dart slugs
  2 orcs (D:3)
  6 endoplasms
  3 giant cockroaches (D:2)
  4 goblins
  6 hobgoblins
  5 kobolds
  A quokka (D:1)
  2 bats
  2 frilled lizards
  3 rats (D:1)
43 creatures vanquished.

Vanquished Creatures (others)
  9 plants (D:1)
9 creatures vanquished.

Grand Total: 52 creatures vanquished

Notes
Turn   | Place    | Note
-------+----------+-------------------------------------------
     0 | D:1      | qw the Tengu Warper began the quest for the Orb.
     0 | D:1      | Reached XP level 1. HP: 12/12 MP: 4/4
     0 | D:1      | 0 ||| qw: Version: 0.1-a-89-g26bdef1
     0 | D:1      | 0 ||| qw: Game counter: 1802
     0 | D:1      | 0 ||| qw: Always use a shield: true
     0 | D:1      | 0 ||| qw: God list: Okawaru
     0 | D:1      | 0 ||| qw: Allow faded altars: false
     0 | D:1      | 0 ||| qw: Do Orc after D:15 true
     0 | D:1      | 0 ||| qw: Do second Lair branch before Depths: true
     0 | D:1      | 0 ||| qw: Lair rune preference: random
     0 | D:1      | 0 ||| qw: Plans: Normal
     0 | D:1      | 0 ||| PLANNING D:1-11
   158 | D:1      | Reached XP level 2. HP: 14/17 MP: 6/6
   215 | D:1      | Reached skill level 3 in Axes
   220 | D:1      | 220 ||| Stepping ~*~*~tactically~*~*~ (hiding).
   227 | D:1      | HP: 4/17 [gnoll/+0 spear (5)]
   551 | D:1      | 551 ||| Stepping ~*~*~tactically~*~*~ (stealth).
   561 | D:1      | 561 ||| Stepping ~*~*~tactically~*~*~ (stealth).
   565 | D:1      | 565 ||| Stepping ~*~*~tactically~*~*~ (stealth).
   626 | D:1      | Reached XP level 3. HP: 20/21 MP: 7/7
   681 | D:1      | 681 ||| Stepping ~*~*~tactically~*~*~ (hiding).
   883 | D:1      | 883 ||| Stepping ~*~*~tactically~*~*~ (hiding).
  1133 | D:1      | Reached skill level 4 in Axes
  1281 | D:1      | Found a faded altar of an unknown god.
  1352 | D:1      | 1352 ||| Stepping ~*~*~tactically~*~*~ (hiding).
  1354 | D:1      | 1354 ||| Stepping ~*~*~tactically~*~*~ (hiding).
  1356 | D:1      | 1356 ||| Stepping ~*~*~tactically~*~*~ (hiding).
  1357 | D:1      | 1357 ||| Stepping ~*~*~tactically~*~*~ (hiding).
  1358 | D:1      | 1358 ||| Stepping ~*~*~tactically~*~*~ (hiding).
  1569 | D:1      | 1569 ||| UPGRADING to +2 pair of gloves.
  1574 | D:1      | 1574 ||| UPGRADING to +0 ring mail.
  1584 | D:1      | 1584 ||| DROPPING +0 leather armour.
  1585 | D:1      | 1585 ||| READING scroll labelled SAUCLA VA VOCW.
  1586 | D:1      | 1586 ||| READING scroll labelled FIROTI ANETAM.
  1587 | D:1      | 1587 ||| READING scroll labelled WAHESI TEING.
  1588 | D:1      | 1588 ||| DROPPING scroll of blinking.
  1589 | D:1      | 1589 ||| Stepping randomly (stuck).
  1590 | D:1      | 1590 ||| Stepping ~*~*~tactically~*~*~ (cloud).
  1592 | D:1      | HP: 5/21 [poisoned by you (poison gas)]
  1596 | D:1      | HP: 2/21 [poisoned by you (poison gas)]
  1981 | D:2      | 1981 ||| DROPPING +0 club.
  2211 | D:2      | Reached XP level 4. HP: 26/26 MP: 8/8
  2372 | D:2      | 2372 ||| Stepping ~*~*~tactically~*~*~ (hiding).
  2373 | D:2      | 2373 ||| Stepping ~*~*~tactically~*~*~ (hiding).
  2468 | D:2      | 2468 ||| Stepping ~*~*~tactically~*~*~ (stealth).
  2470 | D:2      | 2470 ||| Stepping ~*~*~tactically~*~*~ (stealth).
  2472 | D:2      | 2472 ||| Stepping ~*~*~tactically~*~*~ (hiding).
  2570 | D:2      | Noticed a phantom
  2579 | D:2      | Killed a phantom
  2580 | D:2      | Reached skill level 5 in Axes
  2580 | D:2      | Gained mutation: Your magical nature lets you fly swiftly
                  | and evasively. [Tengu growth]
  2580 | D:2      | Reached XP level 5. HP: 25/30 MP: 9/9
  2819 | D:2      | Noticed Natasha
  2831 | D:2      | Killed Natasha
  2832 | D:2      | Reached skill level 6 in Axes
  3039 | D:2      | 3039 ||| READING scroll labelled DOXOIG PUCRY.
  3140 | D:2      | 3140 ||| READING scroll labelled CILOBU TYRGH.
  3141 | D:2      | 3141 ||| DRINKING 2 metallic ruby potions.
  3142 | D:2      | 3142 ||| DRINKING 2 sedimented clear potions.
  3143 | D:2      | 3143 ||| DROPPING potion of brilliance.
  3207 | D:3      | 3207 ||| Stepping ~*~*~tactically~*~*~ (stealth).
  3220 | D:3      | HP: 4/30 [orc/+0 trident (4)]
  3222 | D:3      | Killed from afar by an orc priest

Levels and vault maps discovered:
D:1:      roderic_chinese_lattice_arrival, layout_basic,
          hellmonk_ecumenical_altar_run_dry, serial_forest,
          infiniplex_forest_clump_curved, infiniplex_forest_clump_large,
          infiniplex_forest_zigzag_1, infiniplex_forest_clump_medium,
          infiniplex_forest_zigzag_2, infiniplex_forest_straight_4,
          infiniplex_forest_lined_corner, minmay_heptomino_h4
D:2:      layout_loops_ring, uniq_natasha
D:3:      layout_basic, okawaru_gym_becter, due_unseen_surprise, uniq_grinder

Skill      XL: |  1  2  3  4  5 |
---------------+----------------+-----
Axes           | 3 4 5 6 |  6.2
Fighting       | |  2.0
Throwing       | |  1.0
Armour         | |  1.1
Dodging        | |  2.1
Spellcasting   | |  2.0
Translocations | |  2.4

Action                   |  1- 3 |  4- 6 || total
-------------------------+-------+-------++-------
Melee: Hand axe          |    66 |    59 ||   125
       Peck              |    16 |     7 ||    23
       Kick              |    11 |    13 ||    24
       Punch             |     1 |       ||     1
Throw: Boomerang         |     7 |       ||     7
  Use: Scroll            |     3 |     2 ||     5
       Potion            |       |     2 ||     2
Armor: Leather armour    |     7 |       ||     7
       Ring mail         |     7 |    16 ||    23
Dodge: Dodged            |    30 |    42 ||    72

Table legend:
 A = Non-vault XP
 B = Vault XP
 C = Vault XP percentage of total XP
 D = Non-vault monster count
 E = Vault monster count
 F = Vault count percentage of total count
                 A         B        C        D         E       F
            +---------+---------+-------+---------+---------+-------
      Total |     215 |      44 |  17.0 |      38 |       5 |  11.6
            +---------+---------+-------+---------+---------+-------
        D:1 |      45 |       8 |  15.1 |      17 |       4 |  19.0
        D:2 |     161 |      36 |  18.3 |      17 |       1 |   5.6
        D:3 |       9 |       0 |   0.0 |       4 |       0 |   0.0
            +---------+---------+-------+---------+---------+-------
